Map: Winter's Gate LE

Players

CoLLectoR

  • Race: Terran Terran
  • League: Diamond
  • Spawn Location: 5:00

Mez - Winner!

  • Race: Zerg Zerg
  • League: Master
  • Spawn Location: 11:00

VOD

Have the link to the VOD?

Description

Time

  • Played on: Aug. 23, 2019, 9:07 p.m.
  • Length: 13:14
Show
View Real Time Build Order
Export as new Build Order

CoLLectoR Terran 

Build Orders: 2 Factory, Mech 

Get SALT Encoding   

  12  0:00  SCV  
  13  0:13  SCV  
  14  0:17  Supply Depot  
  14  0:25  SCV  
  15  0:38  SCV  
  15  0:40  Barracks  
  16  0:50  SCV  
  17  1:03  SCV  
  18  1:15  SCV  
  19  1:27  Marine, Orbital Command  
  20  1:34  Command Center  
  20  1:40  Refinery  
  20  1:43  Refinery  
  20  1:49  Supply Depot  
  20  1:53  Marine  
  21  1:56  SCV  
  22  2:08  SCV  
  22  2:11  Marine  
  24  2:16  Bunker  
  24  2:23  SCV  
  24  2:28  Factory  
  25  2:36  SCV, Barracks Reactor  
  26  2:48  Orbital Command  
  26  2:49  SCV  
  27  2:54  Factory  
  27  3:01  SCV  
  28  3:13  SCV  
  28  3:16  SCV  
  28  3:19  Hellion  
  32  3:20  Hellion  
  32  3:21  Supply Depot  
  32  3:25  SCV  
  35  3:28  SCV, Barracks Tech Lab  
  36  3:37  SCV  
  37  3:47  SCV  
  38  3:49  SCV, Armory  
  38  3:51  Supply Depot  
  38  3:53  Infernal Pre-Igniter  
  38  3:54  Hellion  
  43  3:56  Hellion  
  43  3:59  SCV  
  43  4:01  SCV  
  45  4:09  Hellion  
  47  4:11  SCV  
  47  4:13  SCV  
  47  4:16  Supply Depot  
  49  4:17  Hellion x2  
  49  4:23  SCV  
  54  4:25  SCV  
  55  4:31  Supply Depot  
  55  4:32  Hellion  
  55  4:35  SCV  
  55  4:38  SCV  
  59  4:42  Refinery  
  59  4:43  Refinery  
  59  4:45  Barracks Reactor  
  59  4:47  Terran Vehicle Weapons Level 1  
  59  4:48  Hellion  
  61  4:59  Siege Tank  
  66  5:00  SCV x2, Hellion  
  66  5:05  Factory  
  68  5:11  Factory  
  68  5:12  SCV  
  69  5:17  Hellion x5  
  69  5:24  Hellion x2  
  69  5:42  Hellion  
  69  5:45  SCV x2, Hellion  
  73  5:54  Supply Depot  
  73  5:55  Factory Tech Lab, Supply Depot  
  73  5:58  SCV  
  73  6:01  Hellion  
  73  6:02  Hellion  
  78  6:10  Supply Depot x2  
  78  6:11  Supply Depot  
  78  6:13  Supply Depot  
  78  6:15  Siege Tank, SCV x2  
  83  6:21  Siege Tank  
  83  6:22  Hellion x2  
  83  6:23  Hellion x2  
  94  6:31  SCV x2  
  96  6:43  SCV x2  
  94  6:55  SCV  
  94  7:00  Siege Tank x2, Hellion x2  
  94  7:01  SCV, Hellion x2  
  108  7:05  Terran Vehicle Weapons Level 2  
  108  7:08  SCV  
  109  7:11  Supply Depot x2  
  109  7:12  Supply Depot x2  
  109  7:14  Supply Depot  
  109  7:26  Hellion x2  
  109  7:27  Hellion x2  
  117  7:36  Siege Tank x2  
  123  7:48  Hellion x4  
  131  8:08  Siege Tank x2  
  131  8:09  Hellion x4  
  133  8:30  Hellion  
  133  8:31  Hellion x3  
  143  8:42  Thor  
  143  8:44  Thor  
  149  8:49  Drilling Claws  
  149  8:52  Widow Mine x4  
  149  8:55  Supply Depot x2  
  157  8:56  Supply Depot  
  157  8:57  Supply Depot  
  157  9:09  Supply Depot  
  157  9:11  Supply Depot  
  157  9:12  Supply Depot  
  157  9:13  Widow Mine x3  
  157  9:14  Supply Depot, Widow Mine  
  165  9:30  Thor x2  
  157  10:41  Siege Tank x2  
  157  10:42  Hellion x3  
  158  10:48  Hellion  
  96  11:20  Hellion  
  51  11:40  Hellion x3  
  21  12:02  Factory Tech Lab x2  
  21  12:03  Orbital Command, Factory Reactor  
  19  12:22  Thor x2  
  26  12:42  Widow Mine  
  30  12:44  Widow Mine  
Show
View Real Time Build Order
Export as new Build Order

Mez Zerg - Winner!

Build Orders: Hatch First 

Get SALT Encoding   

  12  0:01  Drone  
  13  0:12  Drone  
  14  0:17  Overlord  
  14  0:27  Extractor  
  14  0:28  Drone  
  15  0:35  Drone  
  15  0:36  Drone  
  17  0:49  Drone  
  18  1:00  Hatchery  
  17  1:04  Drone, Extractor  
  17  1:13  Drone  
  18  1:20  Spawning Pool  
  17  1:27  Drone  
  17  1:28  Drone  
  19  1:41  Overlord  
  19  2:07  Metabolic Boost  
  19  2:10  Zergling x4  
  19  2:11  Drone  
  19  2:12  Queen x2  
  19  2:15  Drone  
  27  2:22  Drone  
  28  2:33  Drone  
  28  2:34  Drone x2  
  31  2:47  Hatchery  
  30  2:56  Drone x3  
  33  2:59  Overlord  
  33  3:08  Drone  
  34  3:15  Evolution Chamber  
  34  3:19  Evolution Chamber  
  32  3:26  Drone x7  
  38  3:50  Roach Warren  
  38  3:54  Drone x6  
  43  3:56  Overlord x2  
  45  4:05  Lair  
  45  4:06  Queen  
  45  4:09  Zerg Missile Weapons Level 1  
  45  4:17  Zerg Ground Armor Level 1  
  45  4:36  Queen  
  47  4:38  Drone x2  
  47  4:39  Drone x7  
  47  4:42  Queen  
  47  4:43  Extractor  
  47  4:44  Extractor  
  56  4:48  Extractor  
  55  4:55  Roach x3  
  60  5:11  Roach x3  
  66  5:21  Roach  
  66  5:23  Overlord x3  
  55  5:35  Drone  
  55  5:36  Drone x8  
  64  5:53  Glial Reconstitution  
  64  5:59  Drone x6  
  70  6:11  Hatchery  
  70  6:15  Hatchery  
  68  6:29  Drone x5  
  68  6:30  Drone x5  
  68  6:32  Zerg Missile Weapons Level 2, Zerg Ground Armor Level 2  
  78  6:35  Hatchery  
  77  6:45  Extractor  
  76  6:53  Roach  
  76  6:54  Roach x6  
  77  7:08  Drone x8  
  85  7:24  Overlord x5  
  85  7:27  Queen  
  87  7:42  Drone x12  
  99  7:52  Infestation Pit  
  99  7:56  Queen  
  100  8:10  Roach  
  100  8:11  Roach x10  
  121  8:36  Queen  
  123  8:50  Overlord  
  123  8:51  Overlord x6  
  123  8:52  Overlord  
  125  9:03  Hive  
  125  9:05  Spire, Pathogen Glands  
  122  9:21  Drone x16  
  122  9:22  Drone x3  
  141  9:30  Extractor x2  
  139  9:42  Extractor  
  139  9:45  Extractor  
  137  9:48  Spine Crawler x2  
  137  9:49  Roach x12, Spine Crawler  
  137  9:50  Roach x9  
  160  10:05  Roach x8  
  160  10:06  Roach  
  153  10:28  Roach x12  
  169  10:29  Roach x2  
  84  11:11  Roach x9  
  60  11:34  Roach x8  
  72  11:40  Overseer  
  64  12:14  Hatchery  
  63  12:20  Drone x6  
  63  12:21  Drone  
  68  12:36  Drone x2  
Tags
 
Add a new tag
Caveats
  • Supply blocks, unpowered buildings, or Contaminate may cause inaccurate times.
  • Supply counts are checked every 10 seconds.